 Dungeon Crawl Stone Soup version 0.32-a0-913-g739538afd8 (webtiles) character file.

Game seed: 5597154658219332075

532497 ParallaxScroll the Executioner (level 24, -4/207 HPs)
             Began as a Mountain Dwarf Fighter on Apr 5, 2024.
             Was an Initiate of Gozag.
             Killed from afar by a purple draconian shifter (30 damage)
             ... with a bolt of dispelling energy
             ... led by a white draconian stormcaller
             ... on level 2 of the Realm of Zot on Apr 7, 2024.
             The game lasted 08:28:52 (96399 turns).

ParallaxScroll the Executioner (MDFi)              Turns: 96399, Time: 08:28:53

Health: -4/207     AC: 40    Str: 43    XL:     24   Next: 47%
Magic:  0/26       EV: 13    Int:  6    God:    Gozag
Gold:   14889      SH:  0    Dex: 12    Spells: 16/31 levels left

rFire   + + .        a - +11 battleaxe "Tuaron" {flame, Dex+2}
rCold   + . .        (shield currently unavailable)
rNeg    + + +        n - +10 storm dragon scales of Etyth {*Corrode rElec rPois Str+8 Stlth+}
rPois   +            r - +0 mask of the Dragon {Will+ Slay+3 SInv}
rElec   +            O - +2 cloak
rCorr   +            F - +2 pair of gloves {infuse}
SInv    +            y - +2 pair of boots of the Moon {+Blink rN++ Str+2 Int-2}
Will    +++..        J - amulet "Kuodiely" {Spirit Fly rF++ Int-5 SInv} Stlth
                     k - ring "Leiq Ylo" {rN+ Str+6 Dex+3 Slay+2 Stlth-}
HPRegen 0.54/turn    T - ring of Sir Ceveb {rC+ rN+ rCorr}
MPRegen 0.20/turn

%: corrode self (3%), guardian spirit
@: mighty, brilliant, gold aura, flying, slowed, studying 3 skills, very slow
A: runic magic, artefact enchanting, clumsy 1, frail 1, low MP 1, no potion heal
1
}: 3/15 runes: serpentine, barnacled, silver
a: Renounce Religion, Evoke Blink, Potion Petition, Call Merchant, Bribe Branch


You were on level 2 of the Realm of Zot.
You worshipped Gozag.
Gozag was extremely pleased with you.
You visited 11 branches of the dungeon, and saw 48 of its levels.
You also visited: Bailey and Ice Cave.

You collected 27713 gold pieces.
You spent 6619 gold pieces at shops.
You paid 6205 gold pieces to Gozag.

Inventory:

Hand Weapons
 a - the +11 battleaxe "Tuaron" (weapon) {flame, Dex+2}
   (You took it off a deep elf zephyrmancer on level 3 of the Elven Halls)

   Dex+2:     It affects your dexterity (+2).
 b - a +9 great mace of chaos
 c - the +7 great mace "Firestarter" {flame, immolate, rFlCloud rF++}
   (You took it off a tengu conjurer on level 2 of the Depths)

   rFlCloud:  It grants immunity to clouds of flame.
   rF++:      It greatly protects you from fire.
 d - the +10 morningstar "Eos" {elec, Halo rElec}
   (You found it on level 11 of the Dungeon)

   Halo:      It grants its wielder a halo, revealing invisible creatures and
   increasing accuracy against all within it other than the wielder.
   rElec:     It insulates you from electricity.
Missiles
 q - 19 curare-tipped darts (quivered)
 D - 3 silver javelins
 K - 3 throwing nets
 S - 7 javelins
Armour
 n - the +10 storm dragon scales of Etyth (worn) {*Corrode rElec rPois Str+8 Stlth+}
   (You bought it in a shop on level 6 of the Dungeon)

   Str+8:     It affects your strength (+8).
   rElec:     It insulates you from electricity.
   rPois:     It protects you from poison.
   *Corrode:  It may corrode you when you take damage.
   Stlth+:    It makes you more stealthy.
 r - the +0 mask of the Dragon (worn) {Will+ Slay+3 SInv}
   (You bought it in a shop on level 2 of the Snake Pit)

   Slay+3:    It affects your accuracy & damage with ranged weapons and melee
   (+3).
   Will+:     It increases your willpower.
   SInv:      It lets you see invisible.
 y - the +2 pair of boots of the Moon (worn) {+Blink rN++ Str+2 Int-2}
   (You found it on level 1 of the Snake Pit)

   Str+2:     It affects your strength (+2).
   Int-2:     It affects your intelligence (-2).
   rN++:      It greatly protects you from negative energy.
   +Blink:    It lets you blink.
 F - a +2 pair of gloves of infusion (worn)
 O - a +2 cloak (worn)
Jewellery
 h - a +4 ring of slaying
 k - the ring "Leiq Ylo" (left hand) {rN+ Str+6 Dex+3 Slay+2 Stlth-}
   (You took it off a deep elf sorcerer on level 3 of the Elven Halls)

   [ring of strength]

   Str+6:     It affects your strength (+6).
   Dex+3:     It affects your dexterity (+3).
   Slay+2:    It affects your accuracy & damage with ranged weapons and melee
   (+2).
   rN+:       It protects you from negative energy.
   Stlth-:    It makes you less stealthy.
 J - the amulet "Kuodiely" (around neck) {Spirit Fly rF++ Int-5 SInv}
   (You took it off a deep elf high priest on level 3 of the Elven Halls)

   [amulet of guardian spirit]

   Spirit:    It causes incoming damage to be divided between your reserves of
   health and magic.
   Int-5:     It affects your intelligence (-5).
   rF++:      It greatly protects you from fire.
   SInv:      It lets you see invisible.
   Fly:       It grants you flight.
 T - the ring of Sir Ceveb (right hand) {rC+ rN+ rCorr}
   (You bought it in a shop on level 2 of the Orcish Mines)

   [ring of resist corrosion]

   rC+:       It protects you from cold.
   rN+:       It protects you from negative energy.
   rCorr:     It protects you from acid and corrosion.
Wands
 o - a wand of acid (14)
 B - a wand of polymorph (32)
 H - a wand of roots (39)
 I - a wand of digging (4)
 M - a wand of paralysis (24)
 Z - a wand of mindburst (33)
Scrolls
 g - 6 scrolls of fog
 l - 10 scrolls of blinking
 t - 10 scrolls of immolation
 E - 5 scrolls of silence
 L - 18 scrolls of teleportation
 N - 4 scrolls of vulnerability
 P - 4 scrolls of torment
 U - 3 scrolls of butterflies
 W - 6 scrolls of fear
 X - 6 scrolls of revelation
Potions
 e - 11 potions of mutation
 m - 3 potions of resistance
 p - 8 potions of might
 s - 9 potions of berserk rage
 u - 7 potions of enlightenment
 v - 8 potions of heal wounds
 w - 15 potions of curing
 x - a potion of magic
 z - 7 potions of invisibility
 A - 7 potions of attraction
 G - 10 potions of haste
 Q - 3 potions of ambrosia
 V - 5 potions of lignification
 Y - 4 potions of cancellation
Miscellaneous
 f - a Gell's gravitambourine (2/2)
 i - a lightning rod (4/4)
 j - a phantom mirror
 C - a sack of spiders
 R - a condenser vane (inert)


   Skills:
 - Level 22.0 Fighting
 - Level 23.2(25.0) Axes
 - Level 16.3(21.7) Maces & Flails
 + Level 12.5 Throwing
 - Level 19.0 Armour
 - Level 10.0 Dodging
 - Level 12.4 Shields
 - Level 4.0 Spellcasting
 - Level 12.0 Translocations
 - Level 18.0 Evocations


You had 16 spell levels left.
You knew the following spells:

 Your Spells              Type           Power      Damage    Failure   Level
a - Blink                 Tloc           46%        N/A       1%          2
b - Lesser Beckoning      Tloc           46%        N/A       1%          2
c - Passage of Golubria   Tloc           23%        N/A       2%          4
d - Apportation           Tloc           46%        N/A       1%          1
e - Teleport Other        Tloc           23%        N/A       1%          3
f - Maxwell's Portable P  Tloc           23%        2d(7-20)  1%          3

Your spell library contained the following spells:

 Spells                   Type           Power      Damage    Failure   Level
 Momentum Strike          Conj/Tloc      24%        3d8       4%          2
 Dimensional Bullseye     Hex/Tloc       6%         N/A       32%         4
 Foxfire                  Conj/Fire      4%         2x1d4     36%         1
 Freeze                   Ice            4%         1d3       36%         1
 Kiss of Death            Conj/Necr      4%         2d5       36%         1
 Magic Dart               Conj           4%         1d3       36%         1
 Necrotise                Necr           4%         1d4       36%         1
 Sting                    Conj/Alch      4%         1d3       36%         1
 Summon Small Mammal      Summ           4%         N/A       36%         1
 Dispersal                Tloc           11%        N/A       41%         6
 Gell's Gavotte           Tloc           11%        2d(16-24) 41%         6
 Call Imp                 Summ           2%         N/A       52%         2
 Cigotuvi's Dreadful Rot  Necr/Alch/Air  2%         N/A       52%         2
 Ensorcelled Hibernation  Hex/Ice        2%         N/A       52%         2
 Mercury Vapours          Alch/Air       2%         N/A       52%         2
 Searing Ray              Conj           2%         2d4       52%         2
 Static Discharge         Conj/Air       2%         3-4/arc   52%         2
 Sublimation of Blood     Necr           1%         N/A       52%         2
 Call Canine Familiar     Summ           1%         N/A       75%         3
 Confusing Touch          Hex            1%         N/A       75%         3
 Frozen Ramparts          Ice            2%         1d1       75%         3
 Fugue of the Fallen      Necr           1%         N/A       75%         3
 Hailstorm                Conj/Ice       1%         3d5       75%         3
 Inner Flame              Hex/Fire       1%         N/A       75%         3
 Mephitic Cloud           Conj/Alch/Air  1%         N/A       75%         3
 Ozocubu's Armour         Ice            1%         N/A       75%         3
 Passwall                 Erth           1%         N/A       75%         3
 Sigil of Binding         Hex            1%         N/A       75%         3
 Summon Ice Beast         Ice/Summ       1%         N/A       75%         3
 Swiftness                Air            1%         N/A       75%         3
 Vampiric Draining        Necr           1%         2d6       75%         3
 Airstrike                Air            0%         2d(1-17)  98%         4
 Anguish                  Hex/Necr       0%         N/A       98%         4
 Dispel Undead            Necr           1%         3d6       98%         4
 Flame Wave               Conj/Fire      1%         2d4       98%         4
 Fulminant Prism          Conj/Alch      0%         3d5       98%         4
 Ignite Poison            Fire/Alch      1%         N/A       98%         4
 Martyr's Knell           Necr/Summ      1%         N/A       98%         4
 Olgreb's Toxic Radiance  Alch           1%         N/A       98%         4
 Sticky Flame             Fire/Alch      1%         2d4       98%         4
 Summon Blazeheart Golem  Fire/Summ      1%         N/A       98%         4
 Summon Lightning Spire   Summ/Air       1%         N/A       98%         4
 Arcjolt                  Conj/Air       0%         1d10      100%        5
 Curse of Agony           Necr           1%         N/A       100%        5
 Freezing Cloud           Conj/Ice/Air   0%         6-21      100%        5
 Irradiate                Conj/Alch      0%         3d11      100%        5
 Metabolic Englaciation   Hex/Ice        0%         N/A       100%        5
 Silence                  Hex/Air        0%         N/A       100%        5
 Bombard                  Conj/Erth      0%         9d1       100%        6
 Permafrost Eruption      Ice/Erth       0%         2x4d1     100%        6
 Sculpt Simulacrum        Ice/Alch       0%         N/A       100%        6
 Starburst                Conj/Fire      0%         6d3       100%        6
 Haunt                    Necr/Summ      0%         N/A       100%        7
 Malign Gateway           Summ/Tloc      6%         N/A       100%        7
 Orb of Destruction       Conj           0%         9d5       100%        7
 Ozocubu's Refrigeration  Ice            0%         4d7       100%        7
 Spellforged Servitor     Conj/Summ      0%         N/A       100%        7
 Summon Hydra             Summ           0%         N/A       100%        7
 Discord                  Hex            0%         N/A       100%        8
 Ignition                 Fire           0%         3d3       100%        8
 Infestation              Necr           0%         N/A       100%        8
 Lehudib's Crystal Spear  Conj/Erth      0%         10d2      100%        8
 Maxwell's Capacitive Co  Air            0%         ∞         100%        8
 Summon Horrible Things   Summ           0%         N/A       100%        8
 Chain Lightning          Conj/Air       0%         2d1       100%        9
 Fire Storm               Conj/Fire      0%         6d1       100%        9
 Shatter                  Erth           0%         3d5*      100%        9
 Animate Dead             Necr           Unusable   N/A       N/A         4

Dungeon Overview and Level Annotations

Branches:
Dungeon (15/15)            Temple (1/1) D:4            Lair (5/5) D:11
 Shoals (4/4) Lair:2        Snake (4/4) Lair:2        Slime (0/5) Lair:4
    Orc (2/2) D:10            Elf (3/3) Orc:2        Vaults (5/5) D:14
  Crypt (3/3) Vaults:2       Tomb (0/3) Crypt:3      Depths (4/4) D:15
    Zot (2/5) Depths:4     Bailey (visited)           IceCv (visited)

Altars:
Ashenzari
Cheibriados
Dithmenos
Elyvilon
Fedhas
Gozag
Hepliaklqana
Kikubaaqudgha
Makhleb
Nemelex Xobeh
Okawaru
Qazlal
Ru
Sif Muna
Trog
Uskayaw
Vehumet
Wu Jian
Xom
Yredelemnul
Zin
The Shining One
Beogh
Jiyva
Lugonu

Shops:
D:6 [   Orc:1 ?   Orc:2 ==[?   Elf:1 :[=([   Snake:2 :[[   Snake:4 =::
Vaults:1 =   Vaults:3 [[   Depths:4 =

Portals:
Hell: Depths:1 Depths:2 Depths:3 Depths:4
Abyss: Depths:1 Depths:3
Pandemonium: Depths:1 Depths:2
Ziggurat: Depths:4

Annotations:
D:13 1 runed translucent door
Shoals:4 Roxanne
Crypt:1 Xehiysch's ghost, veteran OpSu


Innate Abilities, Weirdness & Mutations

Your spellcasting is much less encumbered by armour.
You can use scrolls of enchantment on lesser artefacts.
You are clumsy. (Dex -2)
You are frail. (-10% HP)
Your magical capacity is low. (-10% MP)
Potions are less effective at restoring your health.


Message History

The grasping roots constrict the red draconian knight!
The death cob hits you! The death cob drains your vigour!
You feel yourself slow down.
The roots lose their grip on the red draconian knight.
The roots lose their grip on the purple draconian.
The tentacled monstrosity closely misses you.
The tentacled monstrosity tentacle-slaps you.
The tentacled monstrosity tentacle-slaps you!
* * * LOW HITPOINT WARNING * * *
The tentacled monstrosity grabs you.
The tentacled monstrosity constricts you.
* * * LOW HITPOINT WARNING * * *
The shadow dragon bites you.
* * * LOW HITPOINT WARNING * * *
The shadow dragon claws you.
* * * LOW HITPOINT WARNING * * *
The shadow dragon claws you but does no damage.
The death cob hits you but does no damage.
Okay, then.
Unknown command.
Unknown command.
Blink to where?
Press: ? - help, Dir - move target, p - purple draconian You blink free of the tentacled monstrosity.
As you read the scroll of blinking, it crumbles to dust.
The death cob hits you!!
* * * LOW HITPOINT WARNING * * *
The death cob hits you but does no damage.
Blink to where?
Press: ? - help, Dir - move target
As you read the scroll of blinking, it crumbles to dust.
The yellow draconian looks more healthy.
The yellow draconian rages.
The red draconian knight is distracted by your dazzling golden aura.
A death cob opens the door.
The purple draconian shifter breathes dispelling energy at you.
The bolt of dispelling energy hits you!!
Your magical effects are unravelling.
You die...
Your body crumbles into a pile of gold.

,,,,,,,,,,,.#,,,,,,,,,,,,,,******
,,,,,,,.....#.#z#.#.#.*,,,,*
,,,,,,###........y....,,****
,,,,,,#####.###.#.#.#(*** ****
******#####.#####.....,* *,,, **
#####y#####.....,* *,**
.##########.....######** *,*
.......$$..####+###### *,*
######......d...@...## *,*
#......y<$.....## *,*
***###..§.y.$q......## *,*
,,........dd........##* *,*
**#########q##........*** *⌠*
#####.###'...##..,*** ***
#####§###z#######.,,**
#####.DXX§######***,,*
#########.##### **,*


You could see a tentacled monstrosity (berserk, corroded), a red draconian
knight (fast, invisible, unaware), a yellow draconian (berserk), a purple
draconian, a red draconian, a purple draconian shifter (slow, catching breath),
a death cob (corroded) and 2 moths of wrath.

Vanquished Creatures
  A dread lich (Crypt:2)
  An orb of fire (Zot:1)
  2 juggernauts
  Xtahua (Vaults:2)
  Sojobo (Vaults:3)
  Vashnia (Snake:4)
  Bai Suzhen (Snake:4)
  Margery (Crypt:2)
  A curse toe (Crypt:3)
  A golden dragon (Vaults:5)
  Nikola (Snake:2)
  3 bone dragons
  6 tentacled monstrosities
  Jorgrun (Elf:2)
  Zenata (Vaults:4)
  2 shard shrike skeletons
  3 liches
  3 titans
  A hellephant (Crypt:2)
  2 walking divine tomes (Depths:2)
  A walking frostbound tome (Depths:3)
  3 quicksilver dragons
  2 deep elf blademasters
  A deep elf master archer (Elf:3)
  Frances (Snake:1)
  7 sphinxes
  A kraken (Shoals:1)
  Agnes (Elf:1)
  4 ancient champions
  4 shadow dragons
  4 tengu reavers
  2 death cobs
  5 nagarajas
  Aizul (Vaults:2)
  Kirke (D:12)
  5 storm dragons
  2 revenants (Crypt:3)
  Donald (Snake:1)
  11 vault wardens
  2 iron dragons (Depths:3)
  4 deep elf elementalists
  A caustic shrike zombie (Crypt:2)
  9 deep elf sorcerers
  The ghost of junkhipster the Peltast, an adept GrFi of Qazlal (Snake:1)
  10 fire giants
  2 balrugs
  10 frost giants
  2 draconian stormcallers
  19 ironbound preservers
  A curse skull (Crypt:3)
  6 ghouls
  2 orc warlords
  2 draconian annihilators (Depths:4)
  9 ironbound thunderhulks
  11 stone giants
  3 spriggan defenders (Depths:2)
  3 deep elf demonologists
  14 very ugly things
  A caustic shrike skeleton (Crypt:2)
  A green draconian (Depths:4)
  6 vampire knights
  6 deep elf annihilators (Elf:3)
  3 white draconians
  4 war gargoyles
  2 purple draconians
  9 spark wasps
  5 deep elf death magi
  19 dire elephants
  The ghost of mopl the Toxicologist, a journeyman OpAl of Vehumet (Lair:4)
  Josephine (D:14)
  6 ettins
  The ghost of Rabblemaster the Cleaver, a journeyman CoBe of Trog (D:12)
  5 eidola
  A mummy priest (Crypt:3)
  2 crystal guardians
  12 jiangshi
  9 merfolk impalers
  An entropy weaver (Vaults:4)
  14 fire dragons
  7 deep elf high priests
  12 yaktaur captains
  Fannar (Lair:2)
  8 salamander tyrants
  A hell beast (Depths:1)
  7 great orbs of eyes
  4 peacekeepers
  25 vault guards
  A spriggan zombie (Crypt:1)
  5 ice dragons
  2 hydras
  An alligator snapping turtle (Shoals:4)
  3 merfolk avatars
  3 catoblepae
  3 rakshasas
  5 spriggan air magi
  12 centaur warriors
  4 ogre magi (Orc:2)
  5 anacondas
  18 dancing weapons
  20 death yaks
  10 boulder beetles
  A satyr (Shoals:3)
  13 ironbound frosthearts
  8 deep troll earth magi
  2 merfolk aquamancers
  4 two-headed ogres
  6 vampire magi
  5 occultists
  4 deep troll shamans
  A titan zombie (Crypt:3)
  9 spriggan berserkers
  6 tengu warriors
  5 naga warriors
  5 sun demons
  20 hell knights
  18 naga sharpshooters
  3 spriggans
  8 deep elf knights
  4 spectral death yaks (Lair:5)
  2 soul eaters
  Nergalle (Lair:2)
  8 skysharks
  9 deep elf archers
  20 skeletal warriors
  7 shock serpents
  12 sea snakes
  6 salamander mystics
  3 iron trolls (Depths:2)
  A sixfirhy (Depths:1)
  2 sea snakes (shapeshifter) (Vaults:5)
  2 spectral anacondas
  14 mana vipers
  8 glowing orange brains
  11 lindwurms
  6 naga ritualists
  56 deep trolls
  5 bog bodies
  4 orc knights
  2 sun moths
  17 ironbound convokers
  11 phantasmal warriors
  3 obsidian bats (Orc:2)
  13 arcanists
  2 obsidian statues
  4 flayed ghosts
  11 necromancers
  An anaconda skeleton (Crypt:3)
  19 harpies
  6 thermic dynamos (Elf:3)
  28 deep elf zephyrmancers
  9 orc sorcerers
  An oklob plant (Lair:4)
  23 deep elf pyromancers
  29 ugly things
  5 fauns
  3 meliai (D:15)
  15 elephants
  A moth of wrath (Zot:1)
  11 manticores
  8 cyclopes
  27 salamanders
  A jorogumo skeleton (Crypt:2)
  A meliai (shapeshifter) (Elf:1)
  A dire elephant zombie (Lair:5)
  14 vault sentinels
  4 water nymphs
  40 black mambas
  An ice statue (IceCv)
  7 merfolk sirens
  6 guardian serpents
  19 naga magi
  A smoke demon (Depths:3)
  A torpor snail (Lair:5)
  A water nymph (shapeshifter) (Vaults:5)
  2 gargoyles
  5 kobold demonologists
  8 komodo dragons
  5 rime drakes
  12 cane toads
  2 dire elephant skeletons
  3 freezing wraiths
  An iron troll zombie (Crypt:1)
  An unseen horror (D:11)
  24 yaktaurs
  A green draconian skeleton (Crypt:1)
  The ghost of junkhipster the Cudgeller, a novice GrFi (D:4)
  8 tengu conjurers
  4 anaconda simulacra
  A troll (shapeshifter) (D:14)
  An unseen horror skeleton (Crypt:3)
  6 guardian mummies (Crypt:3)
  7 trolls
  A hydra zombie (Crypt:3)
  4 wind drakes
  5 hornets
  A jumping spider (Vaults:4)
  14 polar bears
  26 merfolk
  A moth of wrath zombie (Crypt:1)
  A hydra skeleton (Crypt:1)
  9 snapping turtles
  A glass eye (D:14)
  18 blink frogs
  4 dream sheep (Lair:4)
  28 slime creatures
  4 spectral black mambas (Snake:1)
  Sigmund (D:3)
  3 shadows
  4 wyverns
  A dire elephant simulacrum (Crypt:1)
  A yak (shapeshifter) (Vaults:5)
  59 yaks
  2 air elementals (Elf:3)
  A fire bat (shapeshifter) (D:15)
  2 spriggans (shapeshifter)
  21 water elementals
  A wind drake zombie (Crypt:2)
  6 hogs (D:12)
  10 wraiths
  7 basilisks
  Grum (D:8)
  2 fire elementals
  A spectral salamander (Snake:1)
  A redback (Vaults:4)
  2 redbacks (shapeshifter)
  10 vampire mosquitoes
  A death yak simulacrum (Lair:5)
  2 spectral cane toads (Lair:5)
  3 acid dragons
  A swamp worm (Depths:4)
  48 nagas
  An entropy weaver zombie (Crypt:3)
  6 water moccasins
  25 orc warriors
  A lindwurm zombie (Crypt:1)
  A sky beast (D:8)
  A blink frog zombie (Crypt:3)
  A guardian serpent simulacrum (Snake:1)
  4 black bears
  A black bear (shapeshifter) (D:14)
  An elephant zombie (Lair:5)
  9 ogres
  5 laughing skulls
  26 wolves
  7 centaurs
  A boggart (Elf:1)
  A torpor snail zombie (Crypt:3)
  A swamp dragon skeleton (Crypt:1)
  A rime drake zombie (Crypt:1)
  A lindwurm skeleton (Crypt:3)
  A phantom (D:7)
  An elephant skeleton (Lair:5)
  10 kobold brigands
  2 gnoll sergeants
  26 bullfrogs
  5 earth elementals
  2 cane toad simulacra (Lair:5)
  3 scorpions
  5 wights
  3 elephant simulacra (Lair:5)
  3 howler monkeys
  2 electric eels (Lair:1)
  A wolf zombie (Crypt:1)
  5 bombardier beetles
  A salamander simulacrum (Snake:1)
  22 orc priests
  A black bear zombie (Crypt:2)
  4 hounds
  9 jellies
  4 iguanas
  A scorpion zombie (Crypt:2)
  3 sleepcaps
  30 orc wizards
  A hell rat (D:11)
  12 gnolls
  11 adders
  A shadow imp (D:7)
  A white imp (D:5)
  6 ufetubi
  A jelly zombie (Crypt:2)
  3 dart slugs
  A ribbon worm (D:2)
  96 orcs
  5 ball pythons (D:2)
  5 bats
  17 endoplasms
  7 giant cockroaches
  8 hobgoblins
  7 jackals
  7 quokkas
  5 frilled lizards
  6 goblins
  12 kobolds
  A quokka skeleton (Crypt:1)
  6 rats
  A rat skeleton (Crypt:1)
  2 spectral weapons
  3 tentacles (Shoals:1)
1976 creatures vanquished.

Vanquished Creatures (collateral kills)
  A tengu reaver (Vaults:5)
  A vault warden (Vaults:5)
2 creatures vanquished.

Vanquished Creatures (others)
  A dread lich (Vaults:5)
  2 ancient liches (Vaults:5)
  A tentacled monstrosity (Vaults:5)
  2 liches (Vaults:5)
  A titan (Vaults:5)
  A shadow dragon (Vaults:5)
  2 storm dragons (Vaults:5)
  2 tengu reavers (Vaults:5)
  A vault warden (Vaults:5)
  3 ironbound preservers (Vaults:5)
  A stone giant (Vaults:5)
  A deep elf death mage (Vaults:5)
  A deep elf annihilator (Vaults:5)
  A war gargoyle (Vaults:5)
  2 ettins (Vaults:5)
  A deep elf high priest (Vaults:5)
  A yaktaur captain (Vaults:5)
  11 vault guards (Vaults:5)
  4 ogre magi (Vaults:5)
  A deep troll earth mage (Vaults:5)
  4 deep trolls (Vaults:5)
  An orb spider (shapeshifter) (Vaults:5)
  5 ironbound convokers (Vaults:5)
  A vault sentinel (Vaults:5)
  An orc priest (Orc:2)
  An orc wizard (Orc:2)
  5 tentacles (Shoals:1)
58 creatures vanquished.

Grand Total: 2036 creatures vanquished

Notes
Turn   | Place    | Note
-------+----------+-------------------------------------------
     0 | D:1      | ParallaxScroll the Mountain Dwarf Fighter began the quest
                  | for the Orb.
     0 | D:1      | Reached XP level 1. HP: 19/19 MP: 1/1
   115 | D:1      | Reached skill level 3 in Axes
   222 | D:1      | Reached XP level 2. HP: 21/26 MP: 2/2
   644 | D:1      | Reached skill level 4 in Axes
  1046 | D:2      | Reached XP level 3. HP: 31/31 MP: 3/3
  1353 | D:2      | Reached skill level 5 in Axes
  1540 | D:2      | Reached XP level 4. HP: 38/38 MP: 4/4
  2468 | D:3      | Reached skill level 1 in Throwing
  2468 | D:3      | Reached XP level 5. HP: 46/46 MP: 5/5
  2574 | D:3      | Reached skill level 6 in Axes
  2708 | D:3      | Noticed Sigmund
  2778 | D:4      | Reached skill level 1 in Dodging
  3057 | D:4      | Identified the +3 robe of the Locust {+Blink rC+ Str+5}
  3260 | D:4      | Found a large runed translucent door.
  3260 | D:4      | Found a large runed translucent door.
  3261 | D:4      | Noticed junkhipster's ghost (novice GrFi)
  3294 | D:4      | Found a staircase to the Ecumenical Temple.
  3306 | D:4      | Reached XP level 6. HP: 40/52 MP: 6/6
  3353 | Temple   | Entered the Ecumenical Temple
  3422 | Temple   | Became a worshipper of Gozag Ym Sagoz the Greedy
  3544 | D:4      | Reached skill level 1 in Evocations
  3786 | D:5      | Entered Level 5 of the Dungeon
  3832 | D:5      | Reached skill level 7 in Axes
  3897 | D:5      | Found a shadowy altar of Dithmenos.
  4108 | D:5      | Reached XP level 7. HP: 49/60 MP: 7/7
  4182 | D:5      | Reached skill level 5 in Fighting
  4792 | D:6      | Found Hitushymn's Antique Armour Shop.
  4801 | D:6      | Bought a pair of gloves for 153 gold pieces
  5039 | D:6      | Reached skill level 8 in Axes
  5367 | D:6      | Reached skill level 9 in Axes
  5367 | D:6      | Reached XP level 8. HP: 46/68 MP: 8/8
  5551 | D:6      | Found a shimmering blue altar of Sif Muna.
  6565 | D:6      | Reached skill level 10 in Axes
  6583 | D:6      | Reached skill level 5 in Armour
  7069 | D:6      | Reached skill level 11 in Axes
  7286 | D:6      | Reached XP level 9. HP: 70/75 MP: 9/9
  7479 | D:7      | Reached skill level 12 in Axes
  7703 | D:7      | Noticed a boulder beetle
  7714 | D:7      | Killed a boulder beetle
  8377 | D:8      | Noticed a two-headed ogre
  8384 | D:8      | Noticed Grum
  8387 | D:8      | Killed a two-headed ogre
  8388 | D:8      | Reached skill level 13 in Axes
  8388 | D:8      | Reached skill level 5 in Evocations
  8388 | D:8      | Reached XP level 10. HP: 88/88 MP: 10/10
  8396 | D:8      | Killed Grum
  9030 | D:8      | Reached skill level 14 in Axes
  9049 | D:8      | Identified the +1 sling of Toumir {flame, Str+6}
  9595 | D:8      | Found a shimmering altar of Xom.
  9596 | D:8      | Found a hazy altar of Hepliaklqana.
 10314 | D:8      | Found a shimmering altar of Xom.
 10315 | D:8      | Found a hazy altar of Hepliaklqana.
 10431 | D:9      | Paralysed by a hornet for 3 turns
 10437 | D:9      | Paralysed by a hornet for 2 turns
 10535 | D:9      | Reached skill level 15 in Axes
 10685 | D:9      | Found a transporter.
 10687 | D:9      | Found a transporter.
 10763 | D:9      | Reached skill level 16 in Axes
 10807 | D:9      | Noticed a two-headed ogre
 10814 | D:9      | Killed a two-headed ogre
 10815 | D:9      | Reached XP level 11. HP: 94/94 MP: 11/11
 10818 | D:9      | Found a transporter.
 10949 | D:9      | Found a glowing silver altar of Zin.
 11037 | D:9      | Noticed a two-headed ogre
 11047 | D:9      | Killed a two-headed ogre
 11475 | D:9      | Found a transporter.
 11657 | D:10     | Entered Level 10 of the Dungeon
 11702 | D:10     | Reached skill level 10 in Fighting
 11935 | D:10     | Found a roughly hewn altar of Beogh.
 11935 | D:10     | Found a staircase to the Orcish Mines.
 12064 | D:10     | Found a flagged portal.
 12084 | Bailey   | Entered a bailey
 12676 | Bailey   | Acquired a +5 broad axe of flaming
 12679 | Bailey   | Found a roughly hewn altar of Beogh.
 12679 | Bailey   | Noticed an orc knight
 12687 | Bailey   | Killed an orc knight
 12698 | Bailey   | Identified the +10 arbalest "Dug Jeicw" {flame, Fly Dex+3
                  | Stlth+}
 12701 | Bailey   | Identified the +1 triple sword "Ibrefam" {protect, +Blink
                  | Str+3 Dex-2 SInv}
 13393 | D:10     | Found a roughly hewn altar of Beogh.
 13393 | D:10     | Found a staircase to the Orcish Mines.
 13550 | D:11     | Found a frozen archway.
 13570 | IceCv    | Entered an ice cave
 13624 | IceCv    | Reached skill level 17 in Axes
 13763 | IceCv    | Reached XP level 12. HP: 106/106 MP: 12/12
 13840 | IceCv    | Reached skill level 18 in Axes
 14045 | IceCv    | Noticed a death yak
 14061 | IceCv    | Killed a death yak
 14112 | IceCv    | Noticed a death yak
 14112 | IceCv    | Noticed a death yak
 14112 | IceCv    | Noticed a death yak
 14120 | IceCv    | Killed a death yak
 14127 | IceCv    | Killed a death yak
 14135 | IceCv    | Killed a death yak
 14238 | IceCv    | Noticed a death yak
 14239 | IceCv    | Noticed a frost giant
 14316 | IceCv    | Killed a frost giant
 14321 | IceCv    | Noticed a death yak
 14328 | IceCv    | Killed a death yak
 14329 | IceCv    | Reached skill level 10 in Armour
 14330 | IceCv    | Killed a death yak
 15288 | D:11     | Noticed a boulder beetle
 15303 | D:11     | Killed a boulder beetle
 15610 | D:11     | Reached XP level 13. HP: 53/116 MP: 13/13
 15713 | D:11     | Found a staircase to the Lair.
 15883 | Lair:1   | Entered Level 1 of the Lair of Beasts
 17202 | Lair:1   | Reached skill level 5 in Shields
 18459 | D:3      | Killed Sigmund
 18937 | Lair:2   | Reached skill level 5 in Dodging
 18981 | Lair:2   | Found a staircase to the Snake Pit.
 19048 | Lair:2   | Identified the +7 war axe of Annihilation {antimagic, rN+
                  | Str+3 Int+3 Dex-3}
 19106 | Lair:2   | Noticed Nergalle
 19128 | Lair:2   | Killed Nergalle
 19181 | Lair:2   | Learned a level 2 spell: Blink
 19308 | Lair:2   | Found a staircase to the Shoals.
 19643 | Lair:2   | Reached skill level 1 in Spellcasting
 19643 | Lair:2   | Reached skill level 1 in Translocations
 20038 | Lair:3   | Noticed Fannar
 20053 | Lair:2   | Killed Fannar
 20263 | Lair:2   | Reached XP level 14. HP: 119/127 MP: 15/15
 21584 | Lair:4   | Found a runed translucent gate.
 21587 | Lair:4   | Found a runed translucent gate.
 21588 | Lair:4   | Found a runed translucent gate.
 21818 | Lair:4   | Found a staircase to the Slime Pits.
 21818 | Lair:4   | Found a viscous altar of Jiyva.
 21859 | Lair:4   | Reached skill level 5 in Translocations
 22195 | Lair:4   | Learned a level 2 spell: Lesser Beckoning
 22246 | Lair:4   | Noticed mopl's ghost (journeyman OpAl)
 22912 | Lair:5   | Entered Level 5 of the Lair of Beasts
 23404 | D:12     | Noticed Kirke
 23430 | D:12     | Killed Kirke
 23500 | D:12     | Found a runed translucent gate.
 23501 | D:12     | Found a runed translucent gate.
 23502 | D:12     | Found a runed translucent gate.
 23505 | D:12     | Noticed Rabblemaster's ghost (journeyman CoBe)
 24558 | D:13     | Found a runed translucent door.
 24559 | D:13     | Found a runed translucent door.
 24899 | D:13     | Found a runed translucent door.
 25832 | Lair:5   | Reached XP level 15. HP: 131/138 MP: 18/18
 26553 | Lair:5   | Identified the amulet of Notumymo {Regen+ Str+3}
 26759 | Lair:5   | Reached skill level 10 in Evocations
 27484 | D:11     | Found the +10 morningstar "Eos" {elec, Halo rElec}
 27503 | D:11     | Identified the ring of Umucowk {Fire rPois Will- Int+4
                  | Stlth+}
 27557 | Orc:1    | Entered Level 1 of the Orcish Mines
 27928 | Orc:1    | Found Johulesh's Magic Scroll Shop.
 27936 | Orc:1    | Bought a scroll of blinking for 82 gold pieces
 27936 | Orc:1    | Bought a scroll of teleportation for 33 gold pieces
 27936 | Orc:1    | Bought a scroll of teleportation for 33 gold pieces
 27936 | Orc:1    | Bought a scroll of teleportation for 33 gold pieces
 27936 | Orc:1    | Bought 2 scrolls of teleportation for 66 gold pieces
 27936 | Orc:1    | Bought a scroll of identify for 22 gold pieces
 27936 | Orc:1    | Bought a scroll of identify for 22 gold pieces
 27936 | Orc:1    | Bought a scroll of identify for 22 gold pieces
 28078 | Orc:2    | Entered Level 2 of the Orcish Mines
 28225 | Orc:2    | Found a staircase to the Elven Halls.
 28523 | Orc:2    | Reached skill level 15 in Fighting
 29210 | Orc:2    | Found a roughly hewn altar of Beogh.
 29532 | Orc:2    | Found Isummeett's Magic Scroll Boutique.
 29583 | Orc:2    | Found a radiant altar of Vehumet.
 29793 | Orc:2    | Found Hiew's Antique Armour Shop.
 29924 | Orc:2    | Found an ancient bone altar of Kikubaaqudgha.
 29985 | Orc:2    | Found a roughly hewn altar of Beogh.
 29985 | Orc:2    | Found Cahudaczu's Jewellery Boutique.
 30018 | Orc:2    | Reached skill level 1 in Maces & Flails
 30026 | Orc:2    | Found Foumeom's Jewellery Boutique.
 30107 | Orc:2    | Bought the amulet of the Four Winds {rN+ Will+++ Clar} for
                  | 667 gold pieces
 30107 | Orc:2    | Found the amulet of the Four Winds {rN+ Will+++ Clar}
 30127 | Orc:2    | Bought the ring of Sir Ceveb {rC+ rN+ rCorr} for 382 gold
                  | pieces
 30160 | Orc:2    | Bought a scroll of blinking for 105 gold pieces
 30160 | Orc:2    | Bought a scroll of teleportation for 42 gold pieces
 30160 | Orc:2    | Bought a scroll of teleportation for 42 gold pieces
 30160 | Orc:2    | Bought 2 scrolls of identify for 56 gold pieces
 30185 | Orc:2    | Bought a runed cloak for 240 gold pieces
 31083 | Orc:2    | Bought a scroll of identify for 28 gold pieces
 31647 | D:14     | Reached skill level 5 in Maces & Flails
 31953 | D:14     | Found a gate to the Vaults.
 31978 | D:14     | Reached XP level 16. HP: 110/149 MP: 19/19
 32245 | D:14     | Noticed Nessos
 32246 | D:14     | Nessos changed into Nessos the glass eye
 32246 | D:14     | Noticed Nessos
 32255 | D:14     | Killed Nessos the glass eye
 32847 | D:14     | Noticed Josephine
 32865 | D:14     | Killed Josephine
 33156 | D:15     | Entered Level 15 of the Dungeon
 33284 | D:15     | Learned a level 3 spell: Maxwell's Portable Piledriver
 33288 | D:15     | Learned a level 3 spell: Teleport Other
 33572 | D:15     | Found a staircase to the Depths.
 34716 | Snake:1  | Entered Level 1 of the Snake Pit
 35174 | Snake:1  | Identified the +1 pair of boots of the Moon {+Blink rN++
                  | Str+2 Int-2}
 35216 | Snake:1  | Reached skill level 10 in Maces & Flails
 35580 | Snake:1  | Found a runed translucent gate.
 35580 | Snake:1  | Found a runed translucent gate.
 35581 | Snake:1  | Found a runed translucent gate.
 35585 | Snake:1  | Noticed junkhipster's ghost (adept GrFi)
 36215 | Snake:2  | Noticed Frances
 36701 | Snake:1  | Reached skill level 15 in Armour
 37465 | Snake:2  | Noticed Nikola
 37751 | Snake:1  | Killed Frances
 38084 | Shoals:1 | Entered Level 1 of the Shoals
 38383 | Shoals:1 | Noticed a kraken
 38402 | Shoals:1 | Killed a kraken
 39502 | Shoals:1 | Reached XP level 17. HP: 124/158 MP: 18/20
 40296 | Shoals:2 | Reached skill level 10 in Shields
 40402 | Shoals:2 | Identified the +7 flail "Z" {elec, rN++ Int-5}
 42672 | Shoals:4 | Entered Level 4 of the Shoals
 42868 | Shoals:4 | Noticed Roxanne
 43805 | Shoals:4 | Identified the staff "Gehoumeff" {^Contam rC+ Int+2 Dex+6
                  | Summ Ice}
 45410 | Shoals:4 | Got a barnacled rune of Zot
 45734 | Vaults:1 | Entered Level 1 of the Vaults
 45739 | Vaults:1 | Noticed a sphinx
 45742 | Vaults:1 | Killed a sphinx
 45802 | D:14     | Upgraded the game from 0.32-a0-900-g30fb1b0edc to
                  | 0.32-a0-909-gc671339a80
 46070 | D:4      | Killed junkhipster's ghost
 46246 | D:12     | Killed Rabblemaster's ghost
 46940 | Lair:4   | Killed mopl's ghost
 47056 | Snake:1  | Killed junkhipster's ghost
 47296 | Snake:2  | Noticed Donald
 47608 | Elf:1    | Entered Level 1 of the Elven Halls
 47734 | Elf:1    | Reached XP level 18. HP: 172/172 MP: 15/21
 47798 | Elf:1    | Found Rira's Book Shop.
 47852 | Elf:1    | Found Werph's Antique Armour Shoppe.
 48213 | Elf:1    | Bought an encrusted helmet for 294 gold pieces
 48213 | Elf:1    | Identified the +2 helmet of Lulad {Str+2} (You bought it in
                  | a shop on level 1 of the Elven Halls)
 48346 | Elf:1    | Found Qontu's Antique Armour Boutique.
 48470 | Elf:1    | Found Iblus's Jewellery Shoppe.
 48484 | Elf:1    | Found Xeopytsu's Weapon Emporium.
 48545 | Elf:1    | Identified the +7 leather armour "Vaarph" {Int+5}
 48686 | Elf:2    | Noticed Agnes
 48696 | Elf:1    | Killed Agnes
 50033 | Elf:2    | Found a huge runed translucent gate.
 50033 | Elf:2    | Found a huge runed translucent gate.
 50033 | Elf:2    | Found a huge runed translucent gate.
 50079 | Elf:2    | Found a shimmering blue altar of Sif Muna.
 50183 | Elf:2    | Found a huge runed translucent gate.
 50183 | Elf:2    | Found a huge runed translucent gate.
 50211 | Elf:3    | Entered Level 3 of the Elven Halls
 50317 | Elf:3    | Identified the +1 ring mail of Tuuneot {Rampage Int+4}
 51326 | Elf:3    | Paralysed by an air elemental for 1 turns
 52261 | Elf:3    | Noticed an Ice Fiend
 52430 | Elf:3    | Identified the +1 flail of Dullness {drain, rC+ rN++}
 52467 | Elf:3    | Identified the +7 rapier of Howling Peril {protect, rCorr
                  | Str+2 SInv}
 52467 | Elf:3    | Identified the ring "Arphitwoi" {Fly rPois rC+ EV+5}
 52526 | Elf:3    | Noticed an Ice Fiend
 52859 | Elf:3    | Identified the ring "Leiq Ylo" {rN+ Str+6 Dex+3 Slay+2
                  | Stlth-}
 53688 | Elf:3    | Paralysed by an air elemental for 1 turns
 53724 | Elf:3    | Identified the amulet "Kuodiely" {Spirit Fly rF++ Int-5
                  | SInv}
 53787 | Elf:3    | Identified the +11 battleaxe "Tuaron" {flame, Dex+2}
 54563 | Elf:3    | Identified the blade talisman "Ytuan" {Str+4 Dex-4 Slay+3}
 54979 | D:6      | Bought jewelled storm dragon scales for 2890 gold pieces
 54979 | D:6      | Identified the +10 storm dragon scales of Etyth {*Corrode
                  | rElec rPois Str+8 Stlth+} (You bought it in a shop on level
                  | 6 of the Dungeon)
 55299 | Snake:1  | Killed Donald
 56177 | Snake:2  | Killed Nikola
 56416 | Snake:2  | Found Askydan's Armour Shop.
 56421 | Snake:2  | Found Ronin's Book Shop.
 56443 | Snake:2  | Bought a book of Cantrips for 240 gold pieces
 56445 | Snake:2  | Learned a level 1 spell: Apportation
 56450 | Snake:2  | Found Roc Lefy's Armour Shoppe.
 56458 | Snake:2  | Bought the +0 mask of the Dragon {Will+ Slay+3 SInv} for
                  | 567 gold pieces
 56458 | Snake:2  | Found the +0 mask of the Dragon {Will+ Slay+3 SInv}
 56769 | Snake:2  | Reached XP level 19. HP: 182/182 MP: 22/22
 58917 | Snake:4  | Entered Level 4 of the Snake Pit
 58933 | Snake:4  | Noticed Bai Suzhen
 58945 | Snake:4  | Killed Bai Suzhen
 59399 | Snake:4  | Noticed Vashnia
 59410 | Snake:4  | Killed Vashnia
 59874 | Snake:4  | Found Visuabof's Book Shoppe.
 59875 | Snake:4  | Found Kiomeoss's Jewellery Boutique.
 59876 | Snake:4  | Found Cuint's Book Shoppe.
 61063 | Snake:4  | Reached skill level 10 in Translocations
 61567 | Snake:4  | Got a serpentine rune of Zot
 61880 | Snake:2  | Bought a book of the Moon for 600 gold pieces
 61885 | Snake:2  | Learned a level 4 spell: Passage of Golubria
 63131 | Vaults:1 | Reached XP level 20. HP: 170/191 MP: 23/23
 63598 | Vaults:1 | Found Vaskaig's Jewellery Boutique.
 63865 | Vaults:2 | Noticed Xtahua
 63877 | Vaults:2 | Killed Xtahua
 65009 | Vaults:2 | Reached skill level 15 in Evocations
 66511 | Vaults:2 | Noticed a bone dragon
 66524 | Vaults:2 | Killed a bone dragon
 66607 | Vaults:2 | Found a staircase to the Crypt.
 66659 | Vaults:2 | Identified the serpent talisman of the Doldrums {rC+ Dex+4
                  | SInv}
 66659 | Vaults:2 | Noticed Aizul
 66667 | Vaults:2 | Killed Aizul
 67474 | Vaults:3 | Reached XP level 21. HP: 197/202 MP: 25/27
 67536 | Vaults:3 | Identified the blade talisman of Mump {rElec rCorr Stlth+}
 67554 | Vaults:3 | Identified the +8 arbalest "Imitom" {heavy, rPois rF+ Int+8
                  | Stlth-}
 68005 | Vaults:3 | Found Eddyc's Armour Shoppe.
 68082 | Vaults:3 | Found Guajuthaent's Armour Boutique.
 68905 | Vaults:4 | Noticed Sojobo
 68908 | Vaults:4 | Paralysed by an air elemental for 1 turns
 68976 | Vaults:3 | Killed Sojobo
 69388 | Vaults:4 | Got Orapem's Directory of the Geometric Icicle
 69418 | Vaults:4 | Got the Notes on Mighty Effluvium
 69669 | Vaults:4 | Noticed Zenata
 69675 | Vaults:4 | Killed Zenata
 71067 | Vaults:4 | Identified the +4 ring mail of Hal Zael {rC+ Str-4 Dex+2}
 71414 | Depths:1 | Entered Level 1 of the Depths
 71871 | Depths:1 | Found a one-way gate leading to the halls of Pandemonium.
 72067 | Depths:1 | Identified the +10 hand axe of Dawn {chaos, rN+ Dex+4}
 72082 | Depths:1 | Found an iron altar of Okawaru.
 72163 | Depths:1 | Reached skill level 10 in Dodging
 72317 | Depths:1 | Found a one-way gate to the infinite horrors of the Abyss.
 72421 | Depths:1 | Found a gateway to Hell.
 72534 | Depths:1 | Found an ornate altar of the Wu Jian Council.
 73195 | Depths:2 | Reached XP level 22. HP: 208/213 MP: 26/28
 73202 | Depths:2 | Identified the ring of the Gloaming {Wiz Str+2 Dex+3
                  | Stlth+}
 74556 | Depths:2 | Identified the staff "Kiriusk" {rF+ Dex+2 Fire}
 74556 | Depths:2 | Identified the +2 chain mail "Zoyr" {-Tele rF+ Dex+3
                  | Stlth+}
 75242 | Depths:3 | Found an opulent altar of Gozag.
 75541 | Depths:3 | Upgraded the game from 0.32-a0-909-gc671339a80 to
                  | 0.32-a0-913-g739538afd8
 77733 | Depths:3 | Noticed a juggernaut
 77769 | Depths:2 | Killed a juggernaut
 77982 | Depths:3 | Reached skill level 15 in Maces & Flails
 78674 | Depths:3 | Noticed a juggernaut
 78681 | Depths:3 | Killed a juggernaut
 79684 | Depths:3 | Found a corrupted altar of Lugonu.
 79721 | Depths:3 | Reached skill level 5 in Throwing
 79887 | Depths:3 | Identified the +8 chain mail of the Cooper {rC++ Will+
                  | Str+3 Int+2}
 79947 | Depths:3 | Found an opulent altar of Gozag.
 80024 | Depths:3 | Found a corrupted altar of Lugonu.
 80484 | Depths:4 | Entered Level 4 of the Depths
 80484 | Depths:4 | Found Ivvahiem's Jewellery Boutique.
 80702 | Depths:4 | Reached XP level 23. HP: 201/223 MP: 23/29
 81061 | Depths:4 | Found a one-way gateway to a ziggurat.
 82116 | Depths:4 | Found a gate to the Realm of Zot.
 82269 | Depths:4 | Reached skill level 19 in Axes
 82488 | Depths:4 | Found a gate to the Realm of Zot.
 82705 | Depths:4 | Found Ivvahiem's Jewellery Boutique.
 82867 | Depths:4 | Found a one-way gateway to a ziggurat.
 83410 | Vaults:5 | Entered Level 5 of the Vaults
 83426 | Vaults:5 | Noticed a dread lich
 83512 | Vaults:5 | Killed a dread lich
 83558 | Vaults:5 | Identified the +1 battleaxe of Diasiac {distort, rF- Will++
                  | Dex+3}
 83629 | Vaults:5 | Identified the +9 chain mail of Subjectivity {Str+2 Slay+3}
 83726 | Vaults:5 | Reached skill level 20 in Axes
 83873 | Vaults:5 | Noticed an ancient lich
 83963 | Vaults:5 | Got a silver rune of Zot
 83966 | Vaults:5 | Identified the +10 plate armour "Guigeh" {Fly Slay+2 SInv}
 84018 | Vaults:5 | Noticed an ancient lich
 84072 | Vaults:5 | Killed an ancient lich
 84168 | Vaults:5 | Got Sapp's Folio of the Overhead Ouroboros
 84410 | Vaults:5 | Reached skill level 21 in Axes
 84549 | Vaults:5 | Identified the +4 arbalest "Eqiug" {freeze, ^Drain rC+ rN+}
 84791 | Vaults:5 | Got the Handbook of Pyromancy and Kinetic Energy
 84863 | Vaults:5 | Identified the +1 scale mail of Boredom {Str+6}
 84883 | Vaults:5 | Killed an ancient lich
 85043 | Vaults:5 | Reached skill level 22 in Axes
 85411 | Vaults:5 | Identified the +5 spear of Allemeps {spect, rPois}
 85439 | Vaults:5 | Identified the +1 long sword of Outrage {speed, rN+ Dex+5
                  | Stlth-}
 85924 | Crypt:1  | Entered Level 1 of the Crypt
 85965 | Crypt:1  | Found the +2 Maxwell's thermic engine {flame, freeze, rev}
 86215 | Crypt:1  | Reached skill level 23 in Axes
 86451 | Crypt:1  | Found a runed translucent gate.
 86451 | Crypt:1  | Found a runed translucent gate.
 86451 | Crypt:1  | Found a runed translucent gate.
 86453 | Crypt:1  | Found an opulent altar of Gozag.
 86810 | Crypt:1  | Noticed Xehiysch's ghost (veteran OpSu)
 87104 | Crypt:1  | Found an opulent altar of Gozag.
 87411 | Crypt:2  | Noticed Margery
 87420 | Crypt:2  | Killed Margery
 87929 | Crypt:2  | Identified the +2 plate armour of Icitub {Will++ Int+3}
 88535 | Crypt:2  | Noticed a dread lich
 88550 | Crypt:2  | Killed a dread lich
 88838 | Crypt:3  | Entered Level 3 of the Crypt
 89208 | Crypt:3  | Identified the +4 ring mail "Sabli" {rPois Str+3}
 89222 | Crypt:3  | Reached XP level 24. HP: 222/231 MP: 24/29
 89660 | Crypt:3  | Found a staircase to the Tomb.
 89914 | Crypt:3  | Reached skill level 10 in Throwing
 91255 | Crypt:3  | Noticed a dread lich
 91847 | Crypt:3  | Found a staircase to the Tomb.
 92235 | Crypt:3  | Noticed a dread lich
 92276 | Crypt:3  | Identified the ring "Liory" {Fly rPois rN++ Slay+3}
 92277 | Crypt:3  | Identified the ring of Zuoddaro {rN++ Int+6}
 92279 | Crypt:3  | Identified the ring of Emennum {rF+ rC- rN++ Int+3 SInv}
                  | (You found it on level 3 of the Crypt)
 92307 | Crypt:3  | Identified the ring of Bujameku {rF+ Int+5}
 92308 | Crypt:3  | Identified the ring of Timode Bepa {rN+ MP+9 SInv}
 92311 | Crypt:3  | Identified the staff "Pozudeew" {rF+ Str-4 Dex-2 Stlth+
                  | Necro Fire}
 92954 | Elf:2    | Noticed Jorgrun
 92959 | Elf:2    | Killed Jorgrun
 96117 | Zot:1    | Entered Level 1 of the Realm of Zot
 96228 | Zot:2    | Noticed an orb of fire
 96244 | Zot:2    | Gained mutation: Potions are less effective at restoring
                  | your health. [an orb of fire]
 96245 | Zot:2    | Gained mutation: Your magical capacity is low. (-10% MP)
                  | [an orb of fire]
 96256 | Zot:2    | Gained mutation: You are clumsy. (Dex -2) [an orb of fire]
 96363 | Zot:1    | Gained mutation: You are frail. (-10% HP) [an orb of fire]
 96364 | Zot:1    | Killed an orb of fire
 96399 | Zot:2    | Killed from afar by a purple draconian shifter

Illustrated notes

Levels and vault maps discovered:
D:1:      scummos_arrival_star, layout_basic
D:2:      layout_basic
D:3:      layout_basic, uniq_sigmund
D:4:      layout_basic, minmay_temple_entry_glass, ebering_ghost_disaster_area,
          kennysheep_decorative_pillar
D:5:      layout_loops_ring, mainiacjoe_overflow_boulevard
D:6:      minmay_polygon_palace, layout_loops_ring,
          nicolae_overflow_crystal_walls, serial_shops,
          nicolae_shop_just_a_little_nook, minmay_misc_feat_hallway,
          hangedman_abyss_or_decor_slice, minmay_chambers_of_fives
D:7:      layout_rooms, minmay_manual_monstrance
D:8:      layout_cave_pods, regret_index_temple_of_mockery,
          nicolae_houndstooth_variations, uniq_grum
D:9:      layout_irregular_city, old_standard_altar, nicolae_transporter_circle
D:10:     layout_rooms, david_orc_5, enter_bailey_3
D:11:     lemuel_slime, layout_loops_corners, dpeg_lair_monsters,
          portal_ice_cave_entry_pillars_2, minmay_lindwurm_lava
D:12:     layout_gridville, gammafunk_ghost_nasty_kobolds,
          gauntlet_entry_generic, uniq_kirke
D:13:     layout_stronghold, mikee_hates_you
D:14:     layout_loops_corners, erik_vaults_2, uniq_josephine, uniq_nessos
D:15:     grunt_enter_depths_hoard, layout_rooms, serial_rivers,
          chequers_serial_rivers_micro_d, chequers_serial_rivers_small_b,
          chequers_serial_rivers_micro_c, chequers_serial_rivers_large_b,
          hangedman_decor_diamond_cutter
Temple:   minmay_temple_bridge_d
Lair:1:   layout_cave_pods, serial_bayou_shore_a, infiniplex_staircase_pool_2
Lair:2:   layout_roguey, mainiacjoe_shoals_entry_four_pools,
          minmay_snake_entry_guardpost_small, uniq_nergalle
Lair:3:   layout_cave_shapes, chequers_serial_rivers_room_b, lemuel_fruit_tree,
          grunt_megastairs_5, uniq_fannar
Lair:4:   layout_roguey, minmay_slime_entry_oklob_open,
          ebering_ghost_rock_garden, grunt_megastairs_4
Lair:5:   due_jungle_book, layout_layer_cave, lemuel_fruit_fields
Shoals:1: layout_shoals, kb_tengu_band
Shoals:2: layout_shoals, yaktaur_hedge
Shoals:3: layout_shoals, nicolae_shoals_bring_sunscreen
Shoals:4: shoals_end_hangedman, layout_shoals, uniq_roxanne
Snake:1:  layout_misc_corridors, gammafunk_ghost_necromancy,
          beargit_elvish_explorers
Snake:2:  layout_cave_shapes, serial_shops, shop, grunt_ministairs_11,
          chequers_hall_statues_y, minmay_shop_star, uniq_nikola, uniq_frances,
          uniq_donald
Snake:3:  cheibrodos_snake_lava_hold, layout_onion, serial_bayou_shore_b
Snake:4:  hellmonk_snake_rune_quicksilver_temple, layout_layer_cave,
          minmay_shop_grove, grunt_megastairs_2, uniq_vashnia, uniq_bai_suzhen
Orc:1:    layout_caves, serial_shops, nicolae_shop_gibbet_a_chance,
          elves_outpost_lemuel
Orc:2:    kennysheep_orc_mage_school, layout_caves, nicolae_orc_beogh_chapel
Elf:1:    layout_rooms, serial_shops, nicolae_shop_hallway_plus,
          nicolae_shop_pleasant_corner_grove, nicolae_diamond_shop, shop, shop,
          hangedman_elf_disciples, hangedman_elf_targeted_burst
Elf:2:    elven_hall_of_blades_hangedman_alternative [mumra_blade_entry_dagger],
          layout_rooms, serial_library, serial_library_hellmonk_statue_hall,
          serial_library_hellmonk_angled_corner,
          serial_library_hellmonk_open_square, serial_library_hellmonk_room_c,
          serial_library_regret_index_boxing,
          serial_library_regret_index_split_case,
          serial_library_hellmonk_u_bend, serial_library_regret_index_boxing,
          uniq_jorgrun, uniq_agnes
Elf:3:    minmay_elf_hall_golems, layout_geoelf_diagonals
Vaults:1: nicolae_vaults_tangram_1, nicolae_vaults_layer_cake_slice,
          nicolae_vaults_stepped_doors, nicolae_vaults_mitosis,
          ontoclasm_vaults_loading_screen, vaults_mumra_hexcomb,
          layout_vaults_omnigrid, serial_shops, shop
Vaults:2: nicolae_vaults_trapezoid_layered, nicolae_vaults_trapezoid_4,
          nicolae_vaults_more_shelving_2, nicolae_vaults_storage_closets_2,
          nicolae_vaults_offset_grid_hallway_1, grunt_vaults_trifunnel,
          nicolae_vaults_fighting_squares, ontoclasm_vaults_twist,
          nicolae_vaults_closet_pinwheel_4, minmay_crypt_entry_nasty_monster,
          v_rooms_6, nicolae_vaults_network_periphery,
          nicolae_vaults_little_squares_5, nicolae_vaults_trapezoid_3,
          layout_vaults_maze_bifur, uniq_xtahua, uniq_aizul
Vaults:3: nicolae_vaults_weapon_check, nicolae_vaults_lightning_bolt, v_misc_15,
          nicolae_vaults_cochlea, ontoclasm_vaults_gateway, v_misc_5,
          hangedman_vaults_trim, nicolae_vaults_little_squares_4,
          nicolae_vaults_octothorpe, hangedman_vaults_river_flow,
          nicolae_vaults_taking_the_gang_shopping,
          nicolae_vaults_surprise_closet, nicolae_vaults_offset_grid_hallway_3,
          nicolae_vaults_ring_of_whatevers, layout_vaults_omnicross,
          serial_shops, nicolae_shop_tiny_glass
Vaults:4: nicolae_vaults_c_with_doors, nicolae_vaults_storage_closets_1,
          nicolae_vaults_storage_room_doors, nicolae_vaults_turnstiles,
          nicolae_vaults_layer_cake_slice, v_misc_22, hangedman_vaults_capsules,
          nicolae_vaults_closet_pinwheel_5, hangedman_vaults_slice,
          nicolae_vaults_sightless_eye, nicolae_vaults_house_1,
          layout_vaults_omnibox, uniq_sojobo, uniq_zenata
Vaults:5
Crypt:1:  layout_regular_city, ebering_ghost_gozag
Crypt:2:  layout_gridlike, nicolae_crypt_niches, lemuel_upstairs_altar,
          uniq_margery
Crypt:3:  david_glass_crypt, layout_misc_corridors, tomb_entry_shell_bobbens,
          grunt_megastairs_3
Depths:1: layout_cave_pools, rand_demon_pan_entry_8,
          pf_vacation_house_of_asmodeus,
          hellmonk_okawaru_the_only_friend_you_need,
          regret_index_abyss_entry_earlier_magic, grunt_decor_fettered,
          nzn_wu_jian_council_hall
Depths:2: minmay_the_grid_net [minmay_the_grid_plusring,
          minmay_the_grid_aliased_spiral, minmay_the_grid_dragon_b,
          minmay_the_grid_diamond_grid, minmay_the_grid_embedded,
          minmay_the_grid_prize_shrinking_boxes], layout_basic, minmay_holes,
          grunt_hell_entry_dis_grunt, pan_entry
Depths:3: nooodl_heptagram, layout_cave_shapes, abyss_entry_flame_altar,
          lightli_too_deep, grunt_gozag_statues, kennysheep_small_square
Depths:4: evilmike_zot_entry_round, layout_basic, enter_ziggurat_d,
          serial_shops, shop, hell_entry,
          nicolae_concentric_dashed_squares_mild, nrook_loot_triangle
Zot:1:    layout_misc_corridors, basic_altar, regret_index_zotdec_ex,
          st_stairs_10
Zot:2:    regret_index_infernal_bastille, layout_basic,
          hangedman_zot_decor_slant, st_stairs_9

Skill      XL: |  1  2  3  4  5  6  7  8  9 10 11 12 13 14 15 16 17 18 19 20 21 22 23 24 |
---------------+-------------------------------------------------------------------------+-----
Axes           | 3 4 5 6 7 9 11 13 16 17 18 23 | 23.2
Throwing       | 1 2 3 4 5 9 12 | 12.5
Fighting       | 4 5 6 8 10 11 12 14 15 18 19 20 21 22 | 22.0
Dodging        | 1 2 3 4 5 6 9 10 | 10.0
Evocations     | 3 4 5 8 9 11 12 13 15 17 18 | 18.0
Armour         | 4 5 7 10 11 14 15 16 17 18 19 | 19.0
Shields        | 4 5 6 8 12 | 12.4
Spellcasting   | 1 2 4 |  4.0
Translocations | 4 6 7 11 12 | 12.0
Maces & Flails | 5 11 16 | 16.3

Action                     |  1- 3 |  4- 6 |  7- 9 | 10-12 | 13-15 | 16-18 | 19-21 | 22-24 || total
---------------------------+-------+-------+-------+-------+-------+-------+-------+-------++-------
  Melee: War axe           |   124 |   190 |   393 |   478 |       |       |       |       ||  1185
         Broad axe         |       |       |       |   296 |  1129 |   232 |       |       ||  1657
         Morningstar       |       |       |       |       |   189 |  1265 |       |       ||  1454
         Battleaxe         |       |       |       |       |       |    49 |  1284 |  1232 ||  2565
         Great mace        |       |       |       |       |       |       |       |    47 ||    47
  Throw: Stone             |     5 |    20 |     3 |       |       |       |       |       ||    28
         Dart              |       |     5 |    17 |    24 |    31 |    16 |     2 |     3 ||    98
         Boomerang         |       |       |     4 |     4 |    11 |     6 |     2 |       ||    27
         Javelin           |       |       |       |       |       |     3 |       |       ||     3
         Throwing net      |       |       |       |       |       |       |       |     1 ||     1
   Cast: Lesser Beckoning  |       |       |       |       |       |   168 |   204 |   142 ||   514
         Blink             |       |       |       |       |       |       |     1 |     2 ||     3
         Passage of Golubr |       |       |       |       |       |       |       |     1 ||     1
         Apportation       |       |       |       |       |       |       |       |    11 ||    11
 Invoke: Potion Petition   |       |       |       |       |     2 |     2 |     1 |     3 ||     8
         Bribe Branch      |       |       |       |       |       |       |       |     1 ||     1
  Evoke: Wand              |       |       |     2 |    16 |     7 |     7 |     3 |     7 ||    42
         Sack of spiders   |       |       |       |       |       |     1 |       |       ||     1
         Condenser vane    |       |       |       |       |       |       |       |     1 ||     1
    Use: Scroll            |       |     4 |     1 |     8 |    15 |     2 |     1 |    19 ||    50
         Potion            |       |       |     3 |       |     3 |       |       |     2 ||     8
   Stab: Distracted        |       |       |     2 |       |     4 |     3 |     6 |     5 ||    20
         Paralysed         |       |       |       |       |       |       |       |     3 ||     3
 Armour: Scale mail        |    83 |    79 |   296 |   417 |       |       |       |       ||   875
         Plate armour      |       |    64 |       |    65 |   982 |  1392 |       |       ||  2503
         Storm dragon scal |       |       |       |       |       |    46 |   985 |  1108 ||  2139
  Dodge: Dodged            |    42 |    45 |   157 |   219 |   240 |   396 |   496 |   522 ||  2117
  Block: Buckler           |    23 |    30 |    69 |    91 |   161 |   122 |       |       ||   496
         Kite shield       |       |       |       |       |       |   448 |       |       ||   448

Table legend: (Time is in decaauts)
 A = Elapsed time spent in this place.
 B = Non-inter-level travel time spent in this place.
 C = Inter-level travel time spent in this place.
 D = Time resting spent in this place.
 E = Time spent auto-exploring this place.
 F = Levels seen in this place.
 G = Mean time per level.
                   A        B        C        D        E       F      G
               +--------+--------+--------+--------+--------+-----+--------+
         Total |  95632 |  81342 |  14290 |  28131 |  37492 |  50 | 1912.6 |
       Dungeon |  24417 |  19970 |   4447 |   4223 |  11722 |  15 | 1627.8 |
        Temple |    138 |      2 |    136 |      0 |      0 |   1 |  138.0 |
          Lair |   9561 |   6886 |   2675 |    977 |   4150 |   5 | 1912.2 |
        Shoals |   7625 |   6451 |   1174 |   3146 |   1849 |   4 | 1906.2 |
     Snake Pit |   9584 |   8463 |   1121 |   3789 |   2942 |   4 | 2396.0 |
  Orcish Mines |   3145 |   2437 |    708 |    571 |   1136 |   2 | 1572.5 |
   Elven Halls |   8379 |   7480 |    899 |   3743 |   2575 |   3 | 2793.0 |
        Vaults |  12381 |  10704 |   1677 |   4346 |   4588 |   5 | 2476.2 |
         Crypt |   6480 |   6082 |    398 |   2369 |   2929 |   3 | 2160.0 |
        Depths |  11936 |  10917 |   1019 |   4558 |   4892 |   4 | 2984.0 |
           Zot |    271 |    241 |     30 |    137 |      0 |   2 |  135.5 |
        Bailey |    633 |    633 |      0 |     79 |    262 |   1 |  633.0 |
      Ice Cave |   1079 |   1079 |      0 |    188 |    445 |   1 | 1079.0 |
               +--------+--------+--------+--------+--------+-----+--------+

Top non-repeatable levels by time:
Depths:2: 5485 daAuts
   Elf:3: 4196 daAuts
 Snake:1: 3626 daAuts
Vaults:2: 3538 daAuts
 Crypt:3: 3311 daAuts
Depths:3: 2674 daAuts
Shoals:4: 2649 daAuts
Depths:4: 2636 daAuts
  Lair:1: 2588 daAuts
   Elf:2: 2503 daAuts
  Lair:2: 2455 daAuts
 Snake:4: 2436 daAuts
Vaults:5: 2425 daAuts
     D:8: 2419 daAuts
    D:14: 2404 daAuts
